 Dungeon Crawl Stone Soup version 0.27.1-33-g824d729ab1 (webtiles) character file.

Game seed: 2743098867650217467

6538 Garessta the Jinx (level 10, -4/44 HPs)
             Began as a Spriggan Venom Mage on Dec 13, 2021.
             Was a Follower of Uskayaw.
             Slain by a yak (13 damage)
             ... on level 9 of the Dungeon.
             The game lasted 00:54:48 (14324 turns).

Garessta the Jinx (Spriggan Venom Mage)            Turns: 14324, Time: 00:54:49

Health: -4/44      AC:  7    Str:  1    XL:     10   Next: 70%
Magic:  21/21      EV: 17    Int: 18    God:    Uskayaw [*.....]
Gold:   472        SH:  0    Dex: 18    Spells: 7/23 levels left

rFire    + + +     SeeInvis +   c - +2 dagger (freeze)
rCold    . . .     Faith    +   (shield restricted)
rNeg     + + .     Spirit   .   y - +1 robe of Honour {rPois rF+++ rN++ Str-3}
rPois    +         Reflect  .   (helmet restricted)
rElec    .         Harm     .   z - +2 cloak
rCorr    +         Rampage  .   (gloves unavailable)
Will     +....                  (boots unavailable)
Stlth    +++++.....             n - amulet of faith
HPRegen  0.14/turn              C - ring of resist corrosion
MPRegen  0.17/turn              (no ring)

@: very slightly contaminated, very quick
A: very small, no large weapons, unfitting armour, see invisible, speed 3,
mutation resistance 1, shaggy fur 1, wild magic 1
a: Renounce Religion, Stomp


You were on level 9 of the Dungeon.
You worshipped Uskayaw.
Uskayaw was noncommittal.
You visited 1 branch of the dungeon, and saw 10 of its levels.
You visited the Abyss 1 time.

You collected 472 gold pieces.

Inventory:

Hand Weapons
 c - a +2 dagger of freezing (weapon)
 A - a +1 dagger of chaos
 D - a +1 dagger of holy wrath
Armour
 a - a +1 robe
 y - the +1 robe of Honour (worn) {rPois rF+++ rN++ Str-3}
   (You found it on level 7 of the Dungeon)

   Str:       It affects your strength (-3).
   rF:        It renders you almost immune to fire.
   rPois:     It protects you from poison.
   rN:        It greatly protects you from negative energy.
 z - a +2 cloak (worn)
Jewellery
 n - an amulet of faith (around neck)
 C - a ring of resist corrosion (left hand)
Wands
 d - a wand of flame (9)
 m - a wand of polymorph (9)
 v - a wand of acid (5)
Scrolls
 g - a scroll of amnesia
 k - 2 scrolls of fog
 o - a scroll of enchant weapon {unknown}
 p - 11 scrolls of teleportation
 s - 2 scrolls of enchant armour
 x - 3 scrolls of fear
 B - a scroll of vulnerability {unknown}
 E - a scroll of immolation {unknown}
Potions
 b - 2 potions of lignification
 e - 9 potions of heal wounds
 f - a potion of magic {unknown}
 h - 3 potions of haste
 i - 3 potions of mutation
 j - 2 potions of berserk rage
 l - 2 potions of might {unknown}
 q - 3 potions of curing
 r - 2 potions of ambrosia
 t - a potion of brilliance {unknown}
 u - a potion of invisibility {unknown}
 w - a potion of attraction {unknown}


   Skills:
 - Level 2.2 Short Blades
 - Level 2.6 Dodging
 - Level 12.2 Stealth
 - Level 7.2 Spellcasting
 * Level 14.2 Hexes
 - Level 1.3 Transmutations
 - Level 3.4 Poison Magic
 - Level 2.3 Invocations


You had 7 spell levels left.
You knew the following spells:

 Your Spells              Type           Power      Damage    Failure   Level
a - Sting                 Tmut/Pois      76%        1d6       7%          1
b - Poisonous Vapours     Pois/Air       32%        N/A       12%         2
c - Mephitic Cloud        Conj/Pois/Air  13%        N/A       28%         3
d - Ensorcelled Hibernat  Hex/Ice        82%        N/A       1%          2
e - Passwall              Tmut/Erth      9%         N/A       17%         2
f - Invisibility          Hex            33%        N/A       8%          6

Your spell library contained the following spells:

 Spells                   Type           Power      Damage    Failure   Level
 Corona                   Hex            73%        N/A       1%          1
 Tukima's Dance           Hex            66%        N/A       1%          3
 Apportation              Tloc           16%        N/A       16%         1
 Pain                     Necr           32%        1d5       16%         1
 Sandblast                Erth           16%        2d6       16%         1
 Spider Form              Tmut/Pois      9%         N/A       17%         3
 Static Discharge         Conj/Air       8%         N/A       22%         2
 Ignite Poison            Fire/Tmut/Pois 15%        N/A       24%         3
 Olgreb's Toxic Radiance  Pois           24%        N/A       34%         4
 Alistair's Intoxication  Tmut/Pois      12%        N/A       80%         5
 Agony                    Necr           8%         N/A       98%         5
 Bolt of Magma            Conj/Fire/Erth 4%         4d5       98%         5
 Excruciating Wounds      Necr           4%         N/A       98%         5
 Lee's Rapid Deconstruct  Erth           4%         3d6*      98%         5
 Lightning Bolt           Conj/Air       4%         1d15      98%         5
 Shadow Creatures         Summ           N/A        N/A       100%        6
 Ozocubu's Refrigeration  Ice            4%         4d5       100%        7
 Ignition                 Fire           4%         3d4       100%        8
 Maxwell's Capacitive Co  Air            4%         ∞         100%        8


Dungeon Overview and Level Annotations

Branches:
Dungeon (10/15)            Temple (0/1) D:7            Lair (0/6) D:9
    Orc (0/2) D:10

Altars:
Ashenzari
Cheibriados
Fedhas
Gozag
Nemelex Xobeh
Ru
Uskayaw
Zin
Beogh

Shops:
D:5 =   D:7 [[[   D:8 [

Annotations:
D:3 Grinder
D:7 2 transporters, letownia's ghost, novice BaWr
D:10 Nergalle


Innate Abilities, Weirdness & Mutations

You are very small and have problems with some larger weapons.
You are too small for most types of armour.
You have supernaturally acute eyesight. (SInv)
You cover ground extremely quickly. (Speed+++)
You are somewhat resistant to further mutation.
You are covered in fur. (AC +1)
Your spells are a little harder to cast, but a little more powerful.


Message History

You hit the orc warrior but do no damage.
An orc comes into view. It is wielding a +0 club.
The orc loudly yells encouragement to no one in particular.
An orc comes into view. It is wielding a +2 dagger of draining.
You hit the orc warrior but do no damage.
You flicker for a moment.
The orc shouts!
The orc throws a silver boomerang.
The silver boomerang hits the orc priest but does no damage.
The orc warrior shouts!
The orc shouts!
The orc knight unwields a +1 great mace of draining.
The orc knight wields a +0 arbalest.
The orc knight shoots a bolt.
The bolt misses the orc warrior.
The orc warrior hits you with a +0 trident.
You hit the orc warrior but do no damage.
The orc warrior no longer looks unusually strong.
The orc no longer looks unusually strong.
The orc priest no longer looks unusually strong.
The orc hits you with a +0 mace.
The orc warrior hits you with a +0 trident!
The orc knight shoots a bolt.
The bolt closely misses the orc.
The bolt hits you!
* * * LOW HITPOINT WARNING * * *
You hear a shout!
The orc no longer looks unusually strong.
The orc warrior no longer looks unusually strong.
The orc no longer looks unusually strong. x2
The orc knight shoots a bolt.
The bolt barely misses the orc.
You hear a shout!
An orc priest comes into view. It is wielding a +0 whip.
The orc knight shoots a bolt.
An orc comes into view. It is wielding a +0 flail.
You flicker back into view.
The orc moves out of view.
You see here a +0 shortbow.
There is a stone staircase leading up here.
You climb upwards.
The yak bellows! x5
The yak gores you!
You die...

####### #.....#
#...YY# #.....######
#.Y...'....##########
#.....####..Y..Y..Y..
#..Y..# ############
#..Y@.# ##'#### #.##
#..## ##..#
######.####
#.........######
#..(...........#####
#.........####.>...#


You could see 5 yaks.

Vanquished Creatures
  A boulder beetle (D:9)
  A wizard (D:9)
  Psyche (D:8)
  A kobold demonologist (D:10)
  A komodo dragon (D:5)
  A troll (D:10)
  5 yaks (D:9)
  Grum (D:8)
  A steam dragon (D:7)
  2 necrophages
  An ice beast (D:7)
  A sky beast (D:5)
  A black bear (D:5)
  2 wolves (D:8)
  7 ogres
  2 centaurs
  Blork the orc (D:4)
  A wyvern zombie (D:6)
  2 kobold brigands
  3 bullfrogs
  A gnoll sergeant (D:8)
  A scorpion (D:4)
  6 killer bees
  13 wights (D:9)
  A howler monkey (D:5)
  A bullfrog zombie (D:5)
  3 hounds
  A jelly (D:5)
  2 orc priests
  Jessica (D:3)
  An iguana (D:6)
  11 orc wizards
  7 gnolls
  3 adders
  3 adder skeletons
  2 worms
  2 dart slugs (D:1)
  32 orcs
  4 endoplasms
  2 giant cockroaches (D:3)
  4 goblins
  10 hobgoblins
  3 jackals (D:3)
  2 quokkas
  5 ball pythons
  6 bats
  4 frilled lizards
  19 kobolds
  5 rats
191 creatures vanquished.

Vanquished Creatures (others)
  8 plants
8 creatures vanquished.

Grand Total: 199 creatures vanquished

Notes
Turn   | Place    | Note
-------+----------+-------------------------------------------
     0 | D:1      | Garessta the Spriggan Venom Mage began the quest for the
                  | Orb.
     0 | D:1      | Reached XP level 1. HP: 9/9 MP: 5/5
   201 | D:1      | Reached XP level 2. HP: 13/13 MP: 4/7
   581 | D:1      | Learned a level 2 spell: Poisonous Vapours
   766 | D:1      | Found a faded altar of an unknown god.
  1115 | D:2      | Reached XP level 3. HP: 16/16 MP: 2/8
  1259 | D:2      | Reached skill level 1 in Short Blades
  1656 | D:2      | Learned a level 3 spell: Mephitic Cloud
  1659 | D:2      | Learned a level 2 spell: Ensorcelled Hibernation
  1660 | D:3      | Noticed Grinder
  2015 | D:3      | Noticed Jessica
  2022 | D:3      | Killed Jessica
  2023 | D:3      | Reached skill level 5 in Stealth
  2023 | D:3      | Reached XP level 4. HP: 21/21 MP: 10/10
  2304 | D:3      | Reached skill level 1 in Hexes
  3374 | D:4      | Noticed a phantom
  3377 | D:4      | Reached XP level 5. HP: 24/24 MP: 11/11
  3432 | D:4      | Learned a level 2 spell: Passwall
  3591 | D:4      | Noticed Blork the orc
  4130 | D:4      | Killed Blork the orc
  4131 | D:4      | Reached skill level 2 in Hexes
  5132 | D:5      | Entered Level 5 of the Dungeon
  5135 | D:5      | Noticed an ogre
  5137 | D:5      | Killed an ogre
  5138 | D:5      | Reached skill level 3 in Hexes
  5138 | D:5      | Reached XP level 6. HP: 28/28 MP: 13/13
  5144 | D:5      | Noticed a sky beast
  5157 | D:5      | Killed a sky beast
  5222 | D:5      | Noticed a komodo dragon
  5258 | D:5      | Killed a komodo dragon
  5259 | D:5      | Reached skill level 5 in Spellcasting
  5259 | D:5      | Reached skill level 4 in Hexes
  5259 | D:5      | Reached XP level 7. HP: 8/32 MP: 6/15
  5557 | D:5      | Reached skill level 5 in Hexes
  5901 | D:5      | Found Ymim's Jewellery Shop.
  6253 | D:5      | Reached skill level 6 in Hexes
  6253 | D:5      | Reached XP level 8. HP: 36/36 MP: 17/17
  6333 | D:5      | Reached skill level 10 in Stealth
  6794 | D:5      | Reached skill level 7 in Hexes
  7261 | D:6      | Found a hide-covered altar of Uskayaw.
  7265 | D:6      | Noticed a +0 dagger
  7266 | D:6      | Noticed a +0 dagger
  7270 | D:6      | Became a worshipper of Uskayaw the Reveller
  7302 | D:6      | Reached * piety under Uskayaw
  7347 | D:6      | Reached ** piety under Uskayaw
  8098 | D:6      | Reached skill level 1 in Invocations
  8518 | D:7      | Reached skill level 8 in Hexes
  8518 | D:7      | Reached XP level 9. HP: 39/39 MP: 20/20
  8521 | D:7      | Identified the +1 robe of Honour {rPois rF+++ rN++ Str-3}
  8550 | D:7      | Found an opulent altar of Gozag.
  8562 | D:7      | Found a staircase to the Ecumenical Temple.
  8781 | D:7      | Found a transporter.
  8781 | D:7      | Found Tikim's Armour Shoppe.
  8799 | D:7      | Noticed letownia's ghost (novice BaWr)
  8800 | D:7      | Found a transporter.
  9071 | D:7      | Found Guhon's Armour Shop.
  9090 | D:7      | Noticed a troll
  9093 | D:7      | Noticed a boulder beetle
  9441 | D:7      | Found Quzojum's Armour Shoppe.
  9461 | D:8      | Noticed Psyche
  9528 | D:8      | Noticed Grum
  9536 | D:8      | Reached *** piety under Uskayaw
  9538 | D:8      | Killed Grum
  9538 | D:8      | Reached **** piety under Uskayaw
  9622 | D:8      | Learned a level 6 spell: Invisibility
  9671 | D:8      | Reached skill level 9 in Hexes
 10137 | D:8      | Found a sparkling altar of Nemelex Xobeh.
 10138 | D:8      | Found a broken altar of Ashenzari.
 10140 | D:8      | Found a blossoming altar of Fedhas.
 10140 | D:8      | Found a glowing silver altar of Zin.
 10142 | D:8      | Found a snail-covered altar of Cheibriados.
 10143 | D:8      | Found a sacrificial altar of Ru.
 10389 | D:8      | Found Sivysh's Antique Armour Boutique.
 10394 | D:8      | Reached skill level 10 in Hexes
 10665 | D:8      | Killed Psyche
 10901 | D:9      | Noticed a death yak
 10903 | D:9      | Found a staircase to the Lair.
 10904 | D:9      | Noticed a death yak
 10905 | D:9      | Noticed a death yak
 11006 | D:9      | Gained mutation: You are covered in fur. (AC +1) [potion of
                  | mutation]
 11006 | D:9      | Gained mutation: You are somewhat resistant to further
                  | mutation. [potion of mutation]
 11006 | D:9      | Gained mutation: Your spells are a little harder to cast,
                  | but a little more powerful. [potion of mutation]
 11145 | D:9      | Noticed a boulder beetle
 11475 | D:9      | Reached skill level 11 in Hexes
 12009 | D:9      | Noticed a wizard
 12012 | D:9      | Cast into level 2 of the Abyss (a wizard)
 12033 | D:9      | Escaped the Abyss
 12112 | D:9      | Killed a boulder beetle
 12113 | D:9      | Reached skill level 12 in Hexes
 12113 | D:9      | Reached XP level 10. HP: 44/44 MP: 10/21
 12426 | D:9      | Killed a wizard
 13092 | D:9      | Reached skill level 13 in Hexes
 13769 | D:10     | Entered Level 10 of the Dungeon
 13769 | D:10     | Noticed Nergalle
 14067 | D:9      | Reached skill level 14 in Hexes
 14270 | D:10     | Found a staircase to the Orcish Mines.
 14270 | D:10     | Noticed an orc knight
 14275 | D:10     | Noticed an orc knight
 14324 | D:9      | Slain by a yak

Illustrated notes

Levels and vault maps discovered:
D:1:      amcnicky_arrival_wind_blow, layout_loops_ring,
          shapermc_ecumenical_altar_hornbeckon, minmay_split_cup_small
D:2:      layout_basic, serial_glass, glass_columns_c, glass_columns_b
D:3:      corexii_shack_village, layout_basic, serial_glass, glass_columns_a,
          glass_columns_c, mrwooster_statue_mirror, guppyfry_early_lair_pool,
          uniq_grinder, uniq_jessica
D:4:      layout_cave_pods, serial_column_ruins, column_ruins_hut,
          column_ruins_hut, column_ruins_open_tiny,
          column_ruins_corridor_straight, column_ruins_open_medium,
          column_ruins_columns_straight, uniq_blork_the_orc
D:5:      layout_basic, minmay_shop_enchanted_jewellery, chequers_big_river,
          grunt_ministairs_14, st_stairs_7
D:6:      layout_cave_pools, dancing_weapons_uskayaw
D:7:      layout_basic, mainiacjoe_overflow_24_doors,
          minmay_temple_entry_statues_fountains, gammafunk_ghost_arena,
          serial_shops, shop, shop, kennysheep_mini_moat
D:8:      layout_cave_pods, grunt_temple_overflow_open, serial_shops, shop,
          uniq_psyche, uniq_grum
D:9:      layout_roguey, dpeg_lair_monsters, serial_park_tiny_1,
          minmay_librarian
D:10:     layout_long_grid, david_orc_5, kennysheep_windowed_goal, uniq_erica,
          uniq_gastronok, uniq_nergalle

Skill      XL: |  1  2  3  4  5  6  7  8  9 10 |
---------------+-------------------------------+-----
Spellcasting   | 3 4 5 6 7 |  7.2
Stealth        | 4 5 6 8 9 11 12 | 12.2
Short Blades   | 1 2 |  2.2
Hexes          | 1 3 4 6 8 12 14 | 14.2
Invocations    | 1 2 |  2.3
Dodging        | |  2.6
Transmutations | |  1.3
Poison Magic   | |  3.4

Action                   |  1- 3 |  4- 6 |  7- 9 | 10-12 || total
-------------------------+-------+-------+-------+-------++-------
Melee: Dagger            |    35 |    70 |   167 |    80 ||   352
 Cast: Sting             |    45 |    36 |     6 |     6 ||    93
       Poisonous Vapours |     3 |    17 |    23 |       ||    43
       Mephitic Cloud    |       |     1 |     6 |       ||     7
       Ensorcelled Hiber |       |     1 |    73 |    11 ||    85
       Invisibility      |       |       |       |     8 ||     8
Invok: Line Pass         |       |       |     3 |     3 ||     6
  Use: Scroll            |     4 |     4 |     5 |     3 ||    16
       Potion            |       |       |     1 |       ||     1
 Stab: Sleeping          |     8 |    21 |    49 |     8 ||    86
       Confused          |       |     2 |     4 |       ||     6
       Distracted        |       |       |     3 |       ||     3
       Paralysed         |       |       |     3 |     1 ||     4
       Invisible         |       |       |       |    17 ||    17
Armor: Robe              |     8 |     7 |    17 |     3 ||    35
Dodge: Dodged            |    42 |    30 |   100 |    32 ||   204
